 Dungeon Crawl Stone Soup version 0.30-a0-187-gd9c2deaf24 (webtiles) character file.

Game seed: 13288060908952888272

143 epen the Vexing (level 5, 0/41 HPs)
             Began as a Gnoll Hexslinger on Oct 3, 2022.
             Slain by an iguana (14 damage)
             ... on level 4 of the Dungeon.
             The game lasted 00:03:34 (2161 turns).

epen the Vexing (Gnoll Hexslinger)                  Turns: 2161, Time: 00:03:35

Health: 0/41       AC:  2    Str: 10    XL:     5   Next: 25%
Magic:  9/9        EV: 13    Int: 14    God:
Gold:   255        SH:  0    Dex: 12    Spells: 6/10 levels left

rFire   . . .      SeeInvis +    a - +1 sling (vorpal)
rCold   . . .      Faith    .    (no shield)
rNeg    . . .      Spirit   .    r - +0 robe "Hinai" {rPois Slay+3}
rPois   +          Reflect  .    (no helmet)
rElec   .          Harm     .    (no cloak)
rCorr   .          Rampage  .    (no gloves)
Will    .....                    (no boots)
Stlth   ++........               (no amulet)
HPRegen 0.26/turn                k - ring of see invisible
MPRegen 0.11/turn                l - ring of poison resistance

@: no status effects
A: fangs 1, strong nose, distributed training
a: no special abilities


You were on level 4 of the Dungeon.
You visited 1 branch of the dungeon, and saw 4 of its levels.

You collected 255 gold pieces.

Inventory:

Hand Weapons
 a - a +1 vorpal sling (weapon)
Armour
 c - a +0 robe
 r - the +0 robe "Hinai" (worn) {rPois Slay+3}
   (You found it on level 3 of the Dungeon)

   Slay:      It affects your accuracy & damage with ranged weapons and melee
   (+3).
   rPois:     It protects you from poison.
Jewellery
 k - a ring of see invisible (left hand)
 l - a ring of poison resistance (right hand)
Wands
 p - a wand of digging (5)
Scrolls
 b - 2 scrolls of poison
 e - a scroll of noise
 g - 3 scrolls of blinking
 n - a scroll of amnesia {unknown}
 s - 2 scrolls of fear
Potions
 d - a potion of might {unknown}
 f - 2 potions of curing
 h - 2 potions of heal wounds {unknown}
 i - 2 potions of brilliance {unknown}
 j - 2 potions of haste
 m - a potion of flight {unknown}
 o - a potion of cancellation {unknown}
 q - a potion of berserk rage {unknown}
 t - a potion of degeneration {unknown}


   Skills:
 + Level 3.0 Fighting
 + Level 1.4 Short Blades
 + Level 1.4 Long Blades
 + Level 1.4 Axes
 + Level 1.4 Maces & Flails
 + Level 1.4 Polearms
 + Level 1.4 Staves
 + Level 4.8 Ranged Weapons
 + Level 1.4 Throwing
 + Level 1.4 Armour
 + Level 4.8 Dodging
 + Level 1.4 Stealth
 + Level 1.4 Shields
 + Level 1.4 Unarmed Combat
 + Level 3.1 Spellcasting
 + Level 1.1 Conjurations
 + Level 5.5 Hexes
 + Level 1.1 Summonings
 + Level 1.1 Necromancy
 + Level 1.1 Translocations
 + Level 1.1 Transmutations
 + Level 1.1 Fire Magic
 + Level 1.1 Ice Magic
 + Level 1.1 Air Magic
 + Level 1.1 Earth Magic
 + Level 1.1 Poison Magic
 + Level 1.6 Invocations
 + Level 1.4 Evocations


You had 6 spell levels left.
You knew the following spells:

 Your Spells              Type           Power      Damage    Failure   Level
a - Slow                  Hex            68%        N/A       2%          1
b - Inner Flame           Hex/Fire       11%        N/A       16%         3

Your spell library contained the following spells:

 Spells                   Type           Power      Damage    Failure   Level
 Confusing Touch          Hex            17%        N/A       6%          3
 Kiss of Death            Conj/Necr      20%        2d7       13%         1
 Portal Projectile        Hex/Tloc       22%        N/A       16%         3
 Cause Fear               Hex            8%         N/A       22%         4
 Ozocubu's Armour         Ice            5%         N/A       36%         3
 Vampiric Draining        Necr           5%         2d6       36%         3
 Dispel Undead            Necr           5%         3d7       78%         4
 Metabolic Englaciation   Hex/Ice        5%         N/A       82%         5
 Simulacrum               Ice/Necr       2%         N/A       100%        6


Dungeon Overview and Level Annotations

Branches:
Dungeon (4/15)
 Temple: D:4-7

Altars:


Innate Abilities, Weirdness & Mutations

You have very sharp teeth.
Your uncanny sense of smell can sniff out nearby items.
Your experience applies equally to all skills.


Message History

Found a barding.
No target in view!
m - a fizzy silvery potion
n - a scroll labelled RITYSE DANOFE You now have 255 gold pieces (gained 3).
A worm comes into view.
You shoot a sling bullet. The sling bullet hits the worm.
The worm is heavily wounded.
No target in view!
A quokka comes into view.
You shoot a sling bullet.
The sling bullet barely misses the worm.
You shoot a sling bullet.
The sling bullet hits the worm but does no damage.
The worm is moderately wounded.
You hear an angry hiss.
The worm bites you!
You shoot a sling bullet.
The sling bullet barely misses the worm.
The sling bullet closely misses the quokka.
The worm bites you!
You shoot a sling bullet. The sling bullet hits the worm.
The worm is severely wounded.
An iguana comes into view.
You shoot a sling bullet. The sling bullet hits the worm.
The worm is almost dead.
The worm bites you!
You are too injured to fight recklessly!
You are too injured to fight recklessly!
You are too injured to fight recklessly!
You are too injured to fight recklessly!
You are too injured to fight recklessly!
You are too injured to fight recklessly!
You are too injured to fight recklessly!
You are too injured to fight recklessly!
You are too injured to fight recklessly!
You are too injured to fight recklessly!
You are too injured to fight recklessly!
The iguana attacks as you move away! The iguana bites you!
You die...

####.....#
.....#..#.....#####
##...##.............
#.....#.............
#.....#.............
#.....#.............
#.r.##.............
.###.##w##...###########
......l@............
####.........#######
#...######### .... ##. #


You could see a worm, an iguana and a quokka.

Vanquished Creatures
  6 adders
  2 dart slugs (D:3)
  A worm (D:2)
  3 orcs (D:3)
  7 bats
  5 endoplasms
  4 giant cockroaches
  9 hobgoblins
  2 jackals (D:3)
  4 quokkas
  6 ball pythons
  A frilled lizard (D:3)
  11 goblins
  8 kobolds
  6 rats
75 creatures vanquished.

Notes
Turn   | Place    | Note
-------+----------+-------------------------------------------
     0 | D:1      | epen the Gnoll Hexslinger began the quest for the Orb.
     0 | D:1      | Reached XP level 1. HP: 17/17 MP: 4/4
   194 | D:1      | Reached XP level 2. HP: 17/23 MP: 5/5
   398 | D:1      | Reached XP level 3. HP: 28/28 MP: 7/7
   671 | D:2      | Learned a level 3 spell: Inner Flame
   703 | D:2      | Reached skill level 1 in Invocations
   738 | D:2      | Reached skill level 1 in Short Blades
   738 | D:2      | Reached skill level 1 in Long Blades
   738 | D:2      | Reached skill level 1 in Axes
   738 | D:2      | Reached skill level 1 in Maces & Flails
   738 | D:2      | Reached skill level 1 in Polearms
   738 | D:2      | Reached skill level 1 in Staves
   738 | D:2      | Reached skill level 1 in Throwing
   738 | D:2      | Reached skill level 1 in Armour
   738 | D:2      | Reached skill level 1 in Stealth
   738 | D:2      | Reached skill level 1 in Shields
   738 | D:2      | Reached skill level 1 in Unarmed Combat
   738 | D:2      | Reached skill level 1 in Evocations
   915 | D:2      | Reached XP level 4. HP: 23/34 MP: 8/8
  1389 | D:3      | Reached skill level 1 in Conjurations
  1389 | D:3      | Reached skill level 1 in Summonings
  1389 | D:3      | Reached skill level 1 in Necromancy
  1389 | D:3      | Reached skill level 1 in Translocations
  1389 | D:3      | Reached skill level 1 in Transmutations
  1389 | D:3      | Reached skill level 1 in Fire Magic
  1389 | D:3      | Reached skill level 1 in Ice Magic
  1389 | D:3      | Reached skill level 1 in Air Magic
  1389 | D:3      | Reached skill level 1 in Earth Magic
  1389 | D:3      | Reached skill level 1 in Poison Magic
  1661 | D:3      | Reached XP level 5. HP: 23/40 MP: 9/9
  1799 | D:3      | Identified the +0 helmet of Crawling {rC- Str+6}
  1800 | D:3      | Identified the +0 robe "Hinai" {rPois Slay+3}
  2161 | D:4      | Slain by an iguana

Illustrated notes

Levels and vault maps discovered:
D:1:      dpeg_arrival_round_c, layout_rooms, st_stairs_10, hex_medium
D:2:      minmay_angry_zag, layout_rooms, hangedman_decor_clover_reticule
D:3:      layout_rooms, serial_bayou_ford_a, minmay_joined_circles
D:4:      layout_basic, marbit_many_paths, overflow_temple_1_default,
          gammafunk_ghost_icy, grunt_ministairs_14

Skill      XL: |  1  2  3  4  5 |
---------------+----------------+-----
Invocations    | 1 |  1.6
Short Blades   | 1 |  1.4
Long Blades    | 1 |  1.4
Axes           | 1 |  1.4
Maces & Flails | 1 |  1.4
Polearms       | 1 |  1.4
Staves         | 1 |  1.4
Throwing       | 1 |  1.4
Armour         | 1 |  1.4
Stealth        | 1 |  1.4
Shields        | 1 |  1.4
Unarmed Combat | 1 |  1.4
Evocations     | 1 |  1.4
Spellcasting   | 3 |  3.1
Conjurations   | 1 |  1.1
Summonings     | 1 |  1.1
Necromancy     | 1 |  1.1
Translocations | 1 |  1.1
Transmutations | 1 |  1.1
Fire Magic     | 1 |  1.1
Ice Magic      | 1 |  1.1
Air Magic      | 1 |  1.1
Earth Magic    | 1 |  1.1
Poison Magic   | 1 |  1.1
Fighting       | 3 |  3.0
Ranged Weapons | |  4.8
Dodging        | |  4.8
Hexes          | |  5.5

Action                   |  1- 3 |  4- 6 || total
-------------------------+-------+-------++-------
 Fire: Sling             |   122 |   123 ||   245
  Use: Scroll            |       |     9 ||     9
Armor: Robe              |     9 |    19 ||    28
Dodge: Dodged            |    31 |    73 ||   104

Table legend: (Time is in decaauts)
 A = Elapsed time spent in this place.
 B = Non-inter-level travel time spent in this place.
 C = Inter-level travel time spent in this place.
 D = Time resting spent in this place.
 E = Time spent auto-exploring this place.
 F = Levels seen in this place.
 G = Mean time per level.
                   A        B        C        D        E       F      G
               +--------+--------+--------+--------+--------+-----+--------+
         Total |   2212 |   2153 |     59 |      9 |   1666 |   4 |  553.0 |
       Dungeon |   2212 |   2153 |     59 |      9 |   1666 |   4 |  553.0 |
               +--------+--------+--------+--------+--------+-----+--------+

Top non-repeatable levels by time:
     D:2: 803 daAuts
     D:3: 729 daAuts
     D:1: 589 daAuts
     D:4: 89 daAuts
